cohdb
Replays
Latest Replays
All Replays
Popular Replays
Top Player Replays
Match Explorer
How It Works
Community
CoH3 Stats
Reddit
Sign in to upload your games and track your stats! →
Sign in with Steam
Match 45295504
Unlisted
Match 45295504
Overview
Messages
Build Orders
End
Panzergrenadier Squad
Panzergrenadier Squad
250 Light Carrier
Construct Light Support Kompanie
MG34 Team
Selects Armored Support Battlegroup
Selects Superior Fire Drills
Assault Grenadier Squad
2.5-tonne Medical Truck
Panzerjäger Squad
Fire Support Elements
Pak 38 Anti-tank Gun Team
Assault Grenadier Squad
Construct Panzerarmee Kommand
Panzer III L Medium Tank
Panzerjäger Squad
MG34 Team
Panzerpioneer Squad
Walking Stuka Rocket Launcher
Assault Grenadier Squad
AI Takeover
ordna
본부중대장
J
SimplyFinny
MasterStef
Nekor
0
0
Comments
sign in to comment!
No comments posted yet!